 Dungeon Crawl Stone Soup version 0.16-a0-3992-g631dd12 (webtiles) character file.

73 dysrexia the Slasher (level 4, -1/37 HPs)
             Began as a Minotaur Gladiator on Jan 19, 2015.
             Slain by 4thArraOfDagon's ghost (2 damage)
             ... on level 3 of the Dungeon on Feb 13, 2015.
             The game lasted 00:08:16 (1839 turns).

dysrexia the Slasher (Minotaur Gladiator)           Turns: 1839, Time: 00:08:17

Health: -1/37      AC: 10    Str: 19    XL:     4   Next: 8%
Magic:  2/2        EV:  6    Int:  5    God:
Gold:   163        SH:  0    Dex: 12    Spells: 0 memorised, 3 levels left

rFire  . . .     SeeInvis .     a - +0 long sword
rCold  . . .     Clarity  .     k - +0 plate armour
rNeg   . . .     SustAb   .     (no shield)
rPois  .         Gourm    .     c - +0 hat
rElec  .         Spirit   .     (no cloak)
rCorr  .         Warding  .     (no gloves)
rMut   .         Stasis   .     (no boots)
MR     .....                    (no amulet)
Stlth  ..........               (no ring)
                                (no ring)

@: not resistant to hostile enchantments, extremely unstealthy
A: retaliatory headbutt, horns 2, wild magic 1
a: no special abilities


You were on level 3 of the Dungeon.
You were very hungry.

You visited 1 branch of the dungeon, and saw 3 of its levels.

You collected 163 gold pieces.

Inventory:

Hand weapons
 a - a +0 long sword (weapon)
Missiles
 d - 3 throwing nets (quivered)
Armour
 b - a +0 leather armour
 c - a +0 hat (worn)
 k - a +0 plate armour (worn)
Scrolls
 e - 2 scrolls of immolation {unknown}
 i - a scroll of magic mapping
 p - a scroll of fear {unknown}
 q - a scroll of recharging {unknown}
 s - a scroll of remove curse {unknown}
 t - a scroll of noise {unknown}
Potions
 j - 2 potions of flight
 m - 2 potions of curing
 n - a potion of heal wounds {unknown}
 o - a potion of mutation {unknown}
 r - a potion of poison {unknown}
Comestibles
 f - 3 bread rations
 g - 2 meat rations
 l - a slice of pizza


   Skills:
 - Level 2.4 Fighting
 + Level 5.9 Long Blades
 - Level 2.0 Throwing
 - Level 3.4 Dodging


You had 3 spell levels left.
You didn't know any spells.

Dungeon Overview and Level Annotations

Branches:
Dungeon (3/15)

Altars:

Annotations:
D:3 4thArraOfDagon's ghost, weakling DgHu


Innate Abilities, Weirdness & Mutations

You reflexively headbutt those who attack you in melee.
You have a pair of horns on your head.
Your spells are a little harder to cast, but a little more powerful.


Message History

You barely miss 4thArraOfDagon's ghost.
You headbutt 4thArraOfDagon's ghost, but do no damage. 4thArraOfDagon's ghost is severely damaged. 4thArraOfDagon's ghost closely misses you.
You closely miss 4thArraOfDagon's ghost. 4thArraOfDagon's ghost is severely damaged. 4thArraOfDagon's ghost hits you.
* * * LOW HITPOINT WARNING * * *
You hit 4thArraOfDagon's ghost.
You headbutt 4thArraOfDagon's ghost, but do no damage. 4thArraOfDagon's ghost is severely damaged. 4thArraOfDagon's ghost hits you.
* * * LOW HITPOINT WARNING * * *
You barely miss 4thArraOfDagon's ghost.
Your headbutt misses 4thArraOfDagon's ghost. 4thArraOfDagon's ghost is severely damaged. 4thArraOfDagon's ghost hits you.
* * * LOW HITPOINT WARNING * * *
4thArraOfDagon's ghost hits you.
You die...

#######..#.# #.#####.#
.........#.######.# #.#
########.#.#......# #.#
.............###### #.#
#########.#.#.####### #.#
###...................# #.#
#.....#####.#.#.### #.# ##.##
###.#.######....#####.###...##
#...........@.#..............
##.#.#####..W..#####.###....#
+.....####..............<.#..
#...#....#......####.###...##
##.. .##.#..?...####.###.#.#
#.# ###.#............##..(#
#.#.##...##.##...........##
#.#.#.....#.##...#.#.##..#
#.........%....#.#.##..#


You could see 4thArraOfDagon's ghost.

Vanquished Creatures
  2 adders
  An orc (D:3)
  9 bats
  3 giant cockroaches
  9 goblins
  6 hobgoblins
  2 jackals (D:1)
  4 kobolds (D:1)
  4 quokkas
  2 giant geckos (D:1)
  3 giant newts
  7 rats
52 creatures vanquished.

Notes
Turn   | Place    | Note
--------------------------------------------------------------
     0 | D:1      | dysrexia, the Minotaur Gladiator, began the quest for the Orb.
     0 | D:1      | Reached XP level 1. HP: 18/18 MP: 1/1
     0 | D:1      | Upgraded the game from 0.16-a0-3699-g1c51eb1 to 0.16-a0-3992-g631dd12
    68 | D:1      | Reached skill level 4 in Long Blades
   340 | D:1      | Reached XP level 2. HP: 23/25 MP: 1/1
   702 | D:1      | Reached skill level 5 in Long Blades
   752 | D:2      | Reached XP level 3. HP: 30/30 MP: 2/2
  1192 | D:3      | Noticed 4thArraOfDagon's ghost (weakling DgHu)
  1364 | D:2      | Gained mutation: Your spells are a little harder to cast, but a little more powerful. [potion of beneficial mutation]
  1536 | D:3      | Reached XP level 4. HP: 34/37 MP: 2/2
  1839 | D:3      | HP: 1/37 [4thArraOfDagon's ghost (3)]
  1839 | D:3      | Slain by 4thArraOfDagon's ghost

Action                   |  1- 3 |  4- 6 || total
-------------------------+-------+-------++-------
Melee: Long sword        |   116 |    18 ||   134
  Use: Scroll            |     8 |     1 ||     9
       Potion            |     1 |       ||     1
  Eat: Chunk             |     2 |       ||     2
